 Dungeon Crawl Stone Soup version 0.28.0-53-g5a82cb258f (webtiles) character file.

Game seed: 16442546539711247320

30 LustLizard the Fighter (level 3, -1/42 HPs)
             Began as a Gnoll Wanderer on Aug 18, 2022.
             Slain by an adder (2 damage)
             ... on level 1 of the Dungeon.
             The game lasted 00:03:07 (1006 turns).

LustLizard the Fighter (Gnoll Wanderer)             Turns: 1006, Time: 00:03:08

Health: -1/42      AC:  6    Str:  8 (9)  XL:     3   Next: 20%
Magic:  3/3        EV: 10    Int:  9 (10) God:
Gold:   63         SH:  0    Dex: 15 (16) Spells: 3/3 levels left

rFire   . . .      SeeInvis .   a - +1 hunting sling
rCold   . . .      Faith    .   (no shield)
rNeg    . . .      Spirit   .   i - +0 ring mail
rPois   .          Reflect  .   (no helmet)
rElec   .          Harm     .   g - +0 cloak
rCorr   .          Rampage  .   (no gloves)
Will    .....                   (no boots)
Stlth   +.........              (no amulet)
HPRegen 0.14/turn               (no ring)
MPRegen 0.08/turn               (no ring)

@: no status effects
A: fangs 1, strong nose, distributed training
a: no special abilities


You were on level 1 of the Dungeon.
You visited 1 branch of the dungeon, and saw 2 of its levels.

You collected 63 gold pieces.

Inventory:

Hand Weapons
 a - a +1 hunting sling (weapon)
 j - a +0 short sword
 l - a +0 dagger
Missiles
 c - 12 sling bullets (quivered ammo)
 k - 11 stones
Armour
 d - a +0 leather armour
 g - a +0 cloak (worn)
 i - a +0 ring mail (worn)
Wands
 b - a wand of mindburst (11)
Scrolls
 e - a scroll of enchant armour {unknown}
 f - a scroll of immolation {unknown}
 h - a scroll of holy word {unknown}


   Skills:
 + Level 10.4 Fighting
 + Level 0.6 Short Blades
 + Level 0.6 Long Blades
 + Level 0.6 Axes
 + Level 0.6 Maces & Flails
 + Level 0.6 Polearms
 + Level 0.6 Staves
 + Level 2.5 Slings
 + Level 0.6 Bows
 + Level 0.6 Crossbows
 + Level 0.6 Throwing
 + Level 0.6 Armour
 + Level 2.5 Dodging
 + Level 0.6 Stealth
 + Level 0.6 Shields
 + Level 0.6 Unarmed Combat
 + Level 0.6 Spellcasting
 + Level 0.4 Conjurations
 + Level 0.4 Hexes
 + Level 0.4 Summonings
 + Level 0.4 Necromancy
 + Level 0.4 Translocations
 + Level 0.4 Transmutations
 + Level 0.4 Fire Magic
 + Level 0.4 Ice Magic
 + Level 0.4 Air Magic
 + Level 0.4 Earth Magic
 + Level 0.4 Poison Magic
 + Level 0.8 Invocations
 + Level 6.5 Evocations


You had 3 spell levels left.
You didn't know any spells.
Your spell library contained the following spells:

 Spells                   Type           Power      Damage    Failure   Level
 Freeze                   Ice            4%         1d3       69%         1
 Frozen Ramparts          Ice            2%         1d2       96%         3
 Hailstorm                Conj/Ice       1%         3d3       100%        4


Dungeon Overview and Level Annotations

Branches:
Dungeon (2/15)

Altars:

Annotations:
D:2 Sigmund


Innate Abilities, Weirdness & Mutations

You have very sharp teeth.
Your uncanny sense of smell can sniff out nearby items.
Your experience applies equally to all skills.


Message History

Aim: an adder (52% to hit)
You shoot a sling bullet. The sling bullet hits the adder!
The adder is heavily wounded.
You feel sick. The adder misses you. The adder barely misses you.
Fire: 16 sling bullets
Press: ? - help, Q - select action, (/) - cycle Shift-Dir - straight line, f/p - adder
Aim: an adder (heavily wounded, 52% to hit)
You shoot a sling bullet. The sling bullet misses the adder.
You feel sick. The adder bites you.
Unknown command.
Fire: 15 sling bullets
Press: ? - help, Q - select action, (/) - cycle Shift-Dir - straight line, f/p - adder
Aim: an adder (heavily wounded, 52% to hit)
You shoot a sling bullet. The sling bullet misses the adder.
You feel sick. The adder bites you.
* * * LOW HITPOINT WARNING * * *
Fire: 14 sling bullets
Press: ? - help, Q - select action, (/) - cycle Shift-Dir - straight line, f/p - adder
Aim: an adder (heavily wounded, 52% to hit)
You shoot a sling bullet.
The sling bullet hits the adder but does no damage.
The adder is heavily wounded.
You feel sick.
You are no longer poisoned.
The adder bites you.
* * * LOW HITPOINT WARNING * * *
The adder bites you.
* * * LOW HITPOINT WARNING * * *
It was a potion of degeneration.
There was something very wrong with that liquid.
You feel weakened.
You feel dopey.
You feel clumsy. The adder bites you.
* * * LOW HITPOINT WARNING * * *
Fire: 13 sling bullets
Press: ? - help, Q - select action, (/) - cycle Shift-Dir - straight line, f/p - adder
Aim: an adder (moderately wounded, 51% to hit)
You shoot a sling bullet. The sling bullet hits the adder.
The adder is severely wounded.
The adder bites you but does no damage. The adder bites you.
You die...

##....#...##.###
##########.........##..#.
#......)..........#.#....
#.########.........######
#.# ##.##...#.# # #.#
#.###.##.# # #.#
##.###.##.# # #.#
####...##.##.# # #.#
#S@.......##.### # #.#
#.##...###.....# #†#
#.###.####.....# #.# #.#
#..........# #.### #.#
#####......# #...# #.#
#......# ## ###.#
#.#######.##.### #. #.#
#....)....##.# #. #.#
#..#########.#####.


You could see an adder.

Vanquished Creatures
  A worm (D:1)
  A ball python (D:1)
  5 bats
  An endoplasm (D:1)
  A giant cockroach (D:1)
  3 goblins
  2 hobgoblins (D:1)
  2 jackals (D:1)
  A frilled lizard (D:1)
  6 kobolds (D:1)
  3 rats (D:1)
26 creatures vanquished.

Notes
Turn   | Place    | Note
-------+----------+-------------------------------------------
     0 | D:1      | Reached skill level 10 in Fighting
     0 | D:1      | LustLizard the Gnoll Wanderer began the quest for the Orb.
     0 | D:1      | LustLizard set off with the following items: a +1 hunting
                  | sling, a wand of mindburst (11), 22 sling bullets, a +0
                  | leather armour
     0 | D:1      | Reached XP level 1. HP: 29/29 MP: 1/1
   326 | D:1      | Reached XP level 2. HP: 35/36 MP: 2/2
   452 | D:1      | Found a faded altar of an unknown god.
   697 | D:1      | Reached XP level 3. HP: 38/42 MP: 3/3
   967 | D:2      | Noticed Sigmund
  1005 | D:1      | HP: 1/42 [adder (4)]
  1006 | D:1      | Slain by an adder

Illustrated notes

Levels and vault maps discovered:
D:1:      dpeg_arrival_brainrot, layout_loops_ring,
          hellmonk_ecumenical_altar_arch_garden, kennysheep_flooded_box,
          chequers_jeans
D:2:      layout_rooms, uniq_robin, uniq_sigmund

Skill      XL: | |
---------------+-+-----
Fighting       | | 10.4
Short Blades   | |  0.6
Long Blades    | |  0.6
Axes           | |  0.6
Maces & Flails | |  0.6
Polearms       | |  0.6
Staves         | |  0.6
Slings         | |  2.5
Bows           | |  0.6
Crossbows      | |  0.6
Throwing       | |  0.6
Armour         | |  0.6
Dodging        | |  2.5
Stealth        | |  0.6
Shields        | |  0.6
Unarmed Combat | |  0.6
Spellcasting   | |  0.6
Conjurations   | |  0.4
Hexes          | |  0.4
Summonings     | |  0.4
Necromancy     | |  0.4
Translocations | |  0.4
Transmutations | |  0.4
Fire Magic     | |  0.4
Ice Magic      | |  0.4
Air Magic      | |  0.4
Earth Magic    | |  0.4
Poison Magic   | |  0.4
Invocations    | |  0.8
Evocations     | |  6.5

Action                   || total
-------------------------++-------
Melee: Short sword       ||    58
       Bite              ||     7
 Fire: Hunting sling     ||    43
  Use: Potion            ||     1
Armor: Ring mail         ||    46
       Leather armour    ||     1
Dodge: Dodged            ||    53
